 Dungeon Sprint DCSS version 0.22.1-1-ga44c0e56f4 (webtiles) character file.

173 MuseOD the Covert (level 5, 0/26 (29) HPs)
             Began as a Spriggan Enchanter on Sept 23, 2018.
             Slain by a necrophage (5 damage)
             ... in the Dungeon (Sprint II: "The Violet Keep of Menkaure").
             The game lasted 00:00:41 (112 turns).

MuseOD the Covert (Spriggan Enchanter)               Turns: 112, Time: 00:00:41

HP:   0/26 (29)     AC:  2    Str:  4    XL:     5   Next: 28%
MP:   2/10          EV: 18    Int: 18    God:
Gold: 243           SH:  0    Dex: 16    Spells: 3/9 levels left

rFire    . . .     SeeInvis +   a - +1 dagger
rCold    . . .     Gourm    .   (shield restricted)
rNeg     . . .     Faith    .   b - +0 robe
rPois    .         Spirit   .   (helmet restricted)
rElec    .         Reflect  .   (no cloak)
rCorr    .         Harm     .   (gloves unavailable)
MR       .....     NoTele   +   (boots unavailable)
Stlth    ++++......             (no amulet)
HPRegen  0.08/turn              (no ring)
MPRegen  0.12/turn              (no ring)

@: very quick
A: very small, unfitting armour, see invisible, herbivore, speed 3, slow
metabolism 2
a: no special abilities


You were in the Dungeon.
You were not hungry.

You visited 1 branch You collected 243 gold pieces.

Inventory:

Hand Weapons
 a - a +1 dagger (weapon)
Armour
 b - a +0 robe (worn)
Scrolls
 j - a scroll of blinking
Potions
 f - a potion of heal wounds
 g - a potion of haste
 h - a potion of magic
Comestibles
 d - a ration


   Skills:
 + Level 4.3 Fighting
 * Level 8.4 Short Blades
 - Level 3.0 Dodging
 + Level 9.5 Stealth
 - Level 2.6 Spellcasting
 - Level 3.6 Hexes


You had 3 spell levels left.
You knew the following spells:

 Your Spells              Type           Power        Failure   Level  Hunger
a - Corona                Hex            ###....      3%          1    #......
b - Ensorcelled Hibernat  Hex/Ice        #.....       12%         2    ##.....
c - Confuse               Hex            ###.....     12%         3    ###....

Your spell library contained the following spells:

 Spells                   Type           Power        Failure   Level  Hunger
 Tukima's Dance           Hex            ###.....     12%         3    ###....
 Dazzling Spray           Conj/Hex       #.....       24%         3    ###....


Dungeon Overview and Level Annotations

Branches:
Dungeon (1/1)

Altars:


Innate Abilities, Weirdness & Mutations

You are very small and have problems with some larger weapons.
You are too small for most types of armour.
You have supernaturally acute eyesight. (SInv)
You are a herbivore.
You cover ground extremely quickly.
You need to consume almost no food.


Message History

The necrophage is almost destroyed.
You hit the necrophage but do no damage.
The necrophage is almost destroyed.
The necrophage misses you.
You hit the necrophage but do no damage.
The necrophage is almost destroyed.
You closely miss the necrophage.
The necrophage is almost destroyed.
The necrophage closely misses you.
You closely miss the necrophage.
The necrophage is almost destroyed.
You hit the necrophage.
The necrophage is almost destroyed.
The necrophage hits you.
* * * LOW HITPOINT WARNING * * *
You feel your flesh rotting away!
You closely miss the necrophage.
The necrophage is almost destroyed.
The necrophage hits you.
You die...

## ## ##.
.## .. n.
.#n ###
#n# #.##
##@###..#
+.<.'.##+
##.###..#
#+# .##
##


You could see 3 necrophages.

Vanquished Creatures
  A necrophage (D)
  4 worker ants (D)
5 creatures vanquished.

Vanquished Creatures (others)
  Menkaure (D)
  A crocodile (D)
2 creatures vanquished.

Grand Total: 7 creatures vanquished

Notes
Turn   | Place    | Note
-------+----------+-------------------------------------------
     0 | D        | MuseOD the Spriggan Enchanter began the quest for the Orb.
     0 | D        | Reached XP level 1. HP: 9/9 MP: 5/5
     1 | D        | Noticed a worker ant
     1 | D        | Noticed a worker ant
     1 | D        | Noticed a worker ant
     1 | D        | Noticed a worker ant
     6 | D        | Killed a crocodile
     9 | D        | Killed a worker ant
     9 | D        | Reached skill level 6 in Stealth
     9 | D        | Reached XP level 2. HP: 15/15 MP: 6/6
    16 | D        | Reached skill level 5 in Short Blades
    16 | D        | Reached XP level 3. HP: 10/19 MP: 8/8
    23 | D        | Reached skill level 7 in Stealth
    23 | D        | Reached XP level 4. HP: 4/24 MP: 9/9
    26 | D        | HP: 1/36 [worker ant (2)]
    27 | D        | Reached skill level 8 in Stealth
    35 | D        | Learned a level 2 spell: Ensorcelled Hibernation
    39 | D        | Learned a level 3 spell: Confuse
    43 | D        | Killed Menkaure
    58 | D        | Noticed a necrophage
    58 | D        | Noticed a necrophage
    58 | D        | Noticed a necrophage
    58 | D        | Noticed a necrophage
    67 | D        | Killed a necrophage
    67 | D        | Reached skill level 9 in Stealth
    67 | D        | Reached XP level 5. HP: 18/29 MP: 3/10
   112 | D        | Slain by a necrophage

Skill      XL: |  1  2  3  4 |
---------------+-------------+-----
Fighting       | 2 3 4 |  4.3
Short Blades   | 4 5 6 8 |  8.4
Stealth        | 6 7 9 |  9.5
Dodging        | |  3.0
Spellcasting   | |  2.6
Hexes          | |  3.6

Action                   |  1- 3 |  4- 6 || total
-------------------------+-------+-------++-------
Melee: Dagger            |    20 |    49 ||    69
 Cast: Confuse           |       |     7 ||     7
  Use: Potion            |     1 |     2 ||     3
 Stab: Confused          |       |     1 ||     1
Armor: Robe              |       |     2 ||     2
Dodge: Dodged            |     9 |    20 ||    29
